 Dungeon Crawl Stone Soup version 0.23-a0-398-g8eab93f (console) character file.

1343 Zephyria the Archer (level 8, -6/51 HPs)
             Began as a Deep Elf Chaos Knight on Nov 3, 2018.
             Was a Plaything of Xom.
             Mangled by a sixfirhy (10 damage)
             ... summoned by the severe capriciousness of Xom
             ... on level 6 of the Dungeon.
             The game lasted 00:13:59 (6401 turns).

Zephyria the Archer (Deep Elf Chaos Knight)         Turns: 6401, Time: 00:13:59

Health: -6/51      AC:  9    Str: 11    XL:     8   Next: 35%
Magic:  11/11      EV: 12    Int: 18    God:    Xom [......]
Gold:   407        SH:  0    Dex: 18    Spells: 7/7 levels left

rFire    . . .     SeeInvis .   b - +2 falchion (flame)
rCold    . . .     Gourm    .   (no shield)
rNeg     . . .     Faith    .   h - +2 leather armour
rPois    .         Spirit   .   (helmet restricted)
rElec    .         Reflect  .   (no cloak)
rCorr    .         Harm     .   (no gloves)
MR       .....                  (no boots)
Stlth    ++........             d - amulet of regeneration
HPRegen  0.57/turn              m - ring of wizardry
MPRegen  0.12/turn              (no ring)

@: no status effects
A: antennae 1, hooves 1, icy blue scales 1, thin metallic scales 1, camouflage
1, agile 2, blink
a: Blink, Renounce Religion


You were on level 6 of the Dungeon.
You worshipped Xom.
You were a very special plaything of Xom.
You were not hungry.

You visited 1 branch of the dungeon, and saw 6 of its levels.

You collected 407 gold pieces.

Inventory:

Hand Weapons
 a - a +0 shortbow
 b - a +2 falchion of flaming (weapon)
Missiles
 n - 55 arrows
Armour
 h - a +2 leather armour (worn)
Jewellery
 d - an amulet of regeneration (around neck)
 m - a ring of wizardry (left hand)
Scrolls
 e - a scroll of amnesia
 g - a scroll of teleportation
 i - a scroll of random uselessness {unknown}
 k - a scroll of magic mapping {unknown}
 l - 5 scrolls of identify
 s - 2 scrolls of remove curse
Potions
 f - a potion of heal wounds
 j - a potion of mutation
 p - a potion of might
 q - 2 potions of curing {unknown}
 r - a potion of brilliance {unknown}
Miscellaneous
 o - a phantom mirror
Comestibles
 c - 10 rations


   Skills:
 - Level 6.0 Fighting
   Level 3.0 Short Blades
 * Level 8.2 Bows
 - Level 0.7 Armour
 - Level 2.4 Dodging
 - Level 2.1 Evocations


You had 7 spell levels left.
You didn't know any spells.
Your spell library was empty.

Dungeon Overview and Level Annotations

Branches:
Dungeon (6/15)
 Temple: D:4-7

Altars:
Dithmenos
Elyvilon
Hepliaklqana
Kikubaaqudgha
Makhleb
Nemelex Xobeh
Sif Muna
Wu Jian
Xom

Shops:
D:6 =

Annotations:
D:4 4 runed doors, nighthawk's ghost, amateur MiBe


Innate Abilities, Weirdness & Mutations

You have a pair of small antennae on your head.
You have large cloven feet.
You are partially covered in icy blue scales. (AC +2)
You are partially covered in thin metallic scales. (AC +2)
Your skin changes colour to match your surroundings (Stealth+).
You are very agile. (Dex +4)
You can translocate small distances at will.


Message History

Things that are here:
a +0 rapier; a +0 leather armour
n - 52 arrows (gained 2)
n - 53 arrows (gained 1)
n - 55 arrows (gained 2) Xom's attention turns to you.
Something forms from out of thin air!
Okay, then.
The sixfirhy hits you. The sixfirhy shocks you! The sixfirhy hits you!
The sixfirhy shocks you!
* * * LOW HITPOINT WARNING * * *
You feel much better. The sixfirhy barely misses you.
You riposte.
You miss the sixfirhy.
You kick the sixfirhy, but do no damage.
The sixfirhy hits you! The sixfirhy shocks you!
* * * LOW HITPOINT WARNING * * *
The sixfirhy hits you!
* * * LOW HITPOINT WARNING * * *
The sixfirhy shocks you!
You die...

#...# #.#
#.....#...#..## #...#
#.# ........)....##
##### #<#
............... ###
##'##...#.<..#.
#....>......#.
#####......#......
###
#...............##
#.######.#
####).........
#.....##@#
#...#....##
####.###.##3#
####......... #....#
#.##.# #.......∩..##
#.#### #....#
#.##.####.##
#.##############.##.#
#...
#................####
#####
##################


You could see a sixfirhy.

Vanquished Creatures
  Eustachio (D:6)
  An ice beast (D:4)
  2 sky beasts (D:5)
  A centaur (D:5)
  A bullfrog (D:6)
  Blork the orc (D:4)
  A howler monkey (D:5)
  A bullfrog zombie (D:5)
  A bullfrog skeleton (D:3)
  A jelly (D:6)
  3 orc priests
  A hound (D:4)
  2 orc wizards
  Jessica (D:3)
  5 worker ants
  Terence (D:3)
  A killer bee zombie (D:5)
  A hound skeleton (D:5)
  5 gnolls
  6 adders
  A shadow imp (D:5)
  An ooze (D:1)
  2 worms
  3 dart slugs (D:1)
  4 leopard geckos
  5 orcs
  5 giant cockroaches
  7 goblins
  7 hobgoblins
  2 jackals (D:4)
  2 quokkas
  7 bats
  6 frilled lizards
  9 kobolds
  A leopard gecko skeleton (D:5)
  6 rats
105 creatures vanquished.

Vanquished Creatures (collateral kills)
  A centaur (D:3)
  An adder (D:6)
  2 orcs (D:6)
4 creatures vanquished.

Grand Total: 109 creatures vanquished

Notes
Turn   | Place    | Note
-------+----------+-------------------------------------------
     0 | D:1      | Zephyria the Deep Elf Chaos Knight began the quest for the
                  | Orb.
     0 | D:1      | Reached XP level 1. HP: 13/13 MP: 3/3
   106 | D:1      | Reached XP level 2. HP: 19/19 MP: 4/4
   247 | D:1      | XOM: potion effect (brilliance)
   263 | D:1      | XOM: 1-stop teleportation journey
   387 | D:1      | XOM: smoke on damage
   533 | D:1      | Reached XP level 3. HP: 23/23 MP: 5/5
   890 | D:1      | XOM: give mutations
   890 | D:1      | Gained mutation: You are partially covered in thin metallic
                  | scales. (AC +2) [Xom's grace]
   890 | D:1      | Gained mutation: You have large cloven feet. [Xom's grace]
   890 | D:1      | Gained mutation: Your skin changes colour to match your
                  | surroundings (Stealth+). [Xom's grace]
   890 | D:1      | Gained mutation: You are partially covered in icy blue
                  | scales. (AC +2) [Xom's grace]
  1258 | D:2      | Found a sparkling altar of Nemelex Xobeh.
  1386 | D:2      | XOM: god gift: 19 stones
  1598 | D:2      | XOM: 1-stop teleportation journey
  1651 | D:2      | XOM is BORED!
  1651 | D:2      | XOM: medium Tloc miscast
  1652 | D:2      | Noticed a spatial vortex
  1850 | D:2      | XOM: divination: detect creatures
  1865 | D:2      | XOM: cloud trail
  2032 | D:2      | XOM: give mutations
  2032 | D:2      | Gained mutation: You have a pair of small antennae on your
                  | head. [Xom's grace]
  2032 | D:2      | Gained mutation: You are agile. (Dex +2) [Xom's grace]
  2032 | D:2      | Gained mutation: You can translocate small distances at
                  | will. [Xom's grace]
  2032 | D:2      | Gained mutation: You are very agile. (Dex +4) [Xom's grace]
  2119 | D:2      | XOM: cloud trail
  2247 | D:3      | Reached XP level 4. HP: 29/29 MP: 6/6
  2387 | D:3      | XOM: confuse monster(s)
  2626 | D:3      | Noticed a centaur
  2640 | D:3      | XOM: cast spell 'Discord'
  2642 | D:3      | Killed a centaur
  2642 | D:3      | Reached XP level 5. HP: 16/34 MP: 7/7
  2658 | D:3      | XOM: smoke on damage
  2665 | D:2      | Reached skill level 5 in Fighting
  2832 | D:3      | Noticed Jessica
  2849 | D:3      | Killed Jessica
  2861 | D:3      | Noticed Terence
  2900 | D:3      | Killed Terence
  3256 | D:3      | Found a hazy altar of Hepliaklqana.
  3350 | D:3      | XOM: god gift: phantom mirror
  3438 | D:3      | Reached skill level 1 in Bows
  3438 | D:3      | Reached XP level 6. HP: 39/40 MP: 8/8
  3821 | D:4      | XOM: scenery: create altars
  3844 | D:4      | Reached skill level 2 in Bows
  3844 | D:4      | Reached skill level 1 in Evocations
  4018 | D:4      | Noticed Blork the orc
  4281 | D:4      | XOM: scenery: create altars
  4290 | D:4      | Found a runed door.
  4324 | D:4      | Found a runed gate.
  4325 | D:4      | Found a runed gate.
  4326 | D:4      | Found a runed gate.
  4327 | D:4      | Noticed nighthawk's ghost (amateur MiBe)
  4420 | D:5      | Entered Level 5 of the Dungeon
  4420 | D:5      | Noticed a sky beast
  4441 | D:4      | XOM: harmless Hex miscast
  4701 | D:5      | Found an ancient bone altar of Kikubaaqudgha.
  4790 | D:5      | Killed a sky beast
  4790 | D:5      | Reached skill level 3 in Bows
  4790 | D:5      | Reached XP level 7. HP: 32/45 MP: 10/10
  4868 | D:5      | XOM: scenery: 1 doors open
  5014 | D:4      | XOM: enchant monster (bad)
  5074 | D:4      | Killed Blork the orc
  5074 | D:4      | Reached skill level 4 in Bows
  5182 | D:4      | XOM: harmless Chrm miscast
  5310 | D:5      | XOM: smoke on damage
  5494 | D:5      | Reached skill level 5 in Bows
  5619 | D:5      | Found a shadowy altar of Dithmenos.
  5811 | D:5      | XOM: confuse monster(s)
  5818 | D:5      | XOM: enchant monster (good)
  5820 | D:5      | Reached skill level 6 in Bows
  5907 | D:6      | Found Eklitt's Jewellery Emporium.
  5909 | D:6      | XOM: summons 5 friendly demons
  5960 | D:5      | Reached XP level 8. HP: 21/51 MP: 11/11
  6096 | D:6      | Found an ornate altar of the Wu Jian Council.
  6097 | D:6      | Found a white marble altar of Elyvilon.
  6100 | D:6      | Reached skill level 7 in Bows
  6101 | D:6      | Found a deep blue altar of Sif Muna.
  6124 | D:6      | XOM: polymorph orc priest -> jelly
  6125 | D:5      | XOM: potion effect (agility)
  6265 | D:6      | Found a burning altar of Makhleb.
  6316 | D:6      | Noticed Eustachio
  6323 | D:6      | XOM: 1-stop teleportation journey
  6334 | D:6      | XOM: confuse monster(s)
  6342 | D:6      | Killed Eustachio
  6342 | D:6      | Reached skill level 8 in Bows
  6398 | D:6      | XOM: medium Summ miscast
  6399 | D:6      | Noticed a sixfirhy
  6401 | D:6      | Mangled by a sixfirhy

Vault maps used:
D:1:      minmay_arrival_glassed_features
D:2:      nemelex_xobeh_ov_fountains_minmay
D:3:      overflow_temple_1_default, uniq_terence, uniq_jessica
D:4:      gammafunk_ghost_necromancy, first_ration, hangedman_decor_peaks_small,
          chequers_serial_rivers_small_3, uniq_crazy_yiuf_cottage,
          uniq_blork_the_orc
D:5:      kiku_gazebo_garden_becter, roderic_lattice_a, grunt_dithmenos_shadows
D:6:      overflow_temple_1_default, grunt_temple_overflow_open, serial_shops,
          shop, uniq_eustachio

Skill      XL: |  1  2  3  4  5  6  7  8 |
---------------+-------------------------+-----
Fighting       | 3 4 5 6 |  6.0
Bows           | 1 3 6 8 |  8.2
Evocations     | 2 |  2.1
Short Blades   | |  3.0
Armour         | |  0.7
Dodging        | |  2.4

Action                   |  1- 3 |  4- 6 |  7- 9 || total
-------------------------+-------+-------+-------++-------
Melee: Short sword       |   154 |   198 |    90 ||   442
       Kick              |    12 |    73 |    51 ||   136
       Shortbow          |       |     1 |       ||     1
       Falchion          |       |       |    58 ||    58
 Fire: Shortbow          |       |    17 |    58 ||    75
  Use: Scroll            |     3 |       |     4 ||     7
       Potion            |       |       |     1 ||     1
 Stab: Paralysed         |     1 |       |     1 ||     2
       Sleeping          |     2 |     3 |     1 ||     6
       Confused          |       |     1 |       ||     1
       Distracted        |       |       |     1 ||     1
  Eat: Chunk             |     3 |     9 |     6 ||    18
Armor: Leather armour    |    74 |    58 |    82 ||   214
Dodge: Dodged            |   104 |   119 |    99 ||   322
       Rpst.: Falchion   |       |       |     6 ||     6

Table legend:
 A = Non-vault XP
 B = Vault XP
 C = Vault XP percentage of total XP
 D = Non-vault monster count
 E = Vault monster count
 F = Vault count percentage of total count
                 A         B        C        D         E       F
            +---------+---------+-------+---------+---------+-------
      Total |    1580 |     339 |  17.7 |     104 |       5 |   4.6
            +---------+---------+-------+---------+---------+-------
        D:1 |      66 |       0 |   0.0 |      26 |       0 |   0.0
        D:2 |      27 |       0 |   0.0 |      13 |       0 |   0.0
        D:3 |     222 |      73 |  24.7 |      25 |       2 |   7.4
        D:4 |     303 |      91 |  23.1 |      15 |       1 |   6.2
        D:5 |     736 |      11 |   1.5 |      18 |       1 |   5.3
        D:6 |     226 |     164 |  42.1 |       7 |       1 |  12.5
            +---------+---------+-------+---------+---------+-------
